 Dungeon Crawl Stone Soup version 0.31-a0-1074-g0b22e4e0f1 (webtiles) character file.

Game seed: 11488175280805637289

920 IdlyInterested the Changeling (level 7, 0/75 HPs)
             Began as a Demonspawn Shapeshifter on Dec 1, 2023.
             Killed by divine providence
             ... invoked by an orc priest
              (10 damage)
             ... on level 4 of the Dungeon.
             The game lasted 00:08:39 (3904 turns).

IdlyInterested the Changeling (DsSh)                Turns: 3904, Time: 00:08:40

Health: 0/75       AC: 23    Str: 15    XL:     7   Next: 83%
Magic:  7/7        EV:  2    Int: 13    God:
Gold:   315        SH:  0    Dex: 14    Spells: 6/6 levels left

rFire   . .          .
                       - Unarmed
rCold   . . .        (no shield)
rNeg    . . .        A - melded +1 robe {Will+}
rPois   +            (helmet currently unavailable)
rElec   .            (cloak currently unavailable)
rCorr   .            (gloves currently unavailable)
SInv    .            (boots currently unavailable)
Will    .....        (no amulet)
Stlth   +            (no ring)
HPRegen 0.32/turn    (no ring)
MPRegen 0.10/turn

%: no passive effects
@: tree-form
A: stationary, stasis, torment immunity, boosted hp, (horns 1), powered by pain
1, big brain 1
a: no special abilities


You were on level 4 of the Dungeon.
You were a tree.
You visited 1 branch of the dungeon, and saw 4 of its levels.

You collected 315 gold pieces.

Inventory:

Hand Weapons
 f - a +0 mace
 s - a +0 short sword
 t - a +0 war axe
 y - a +0 long sword
 z - a +0 whip of freezing
Missiles
 g - 13 stones (quivered)
 x - 7 javelins
Armour
 j - a +0 chain mail
 A - a +1 robe of willpower (melded)
Jewellery
 v - a ring of ice
Talismans
 c - a beast talisman (active)
 d - a flux talisman
Wands
 a - a wand of polymorph (7)
 e - a wand of iceblast (4)
 r - a wand of acid (4)
Scrolls
 i - a scroll of blinking {unknown}
 l - a scroll of poison {unknown}
 n - a scroll of enchant weapon {unknown}
 o - 4 scrolls of identify {unknown}
 q - 4 scrolls of teleportation
 u - a scroll of amnesia {unknown}
 w - a scroll of noise {unknown}
Potions
 h - 3 potions of haste {unknown}
 k - a potion of attraction {unknown}
 m - a potion of curing {unknown}
 p - a potion of might {unknown}
 B - a potion of invisibility {unknown}


   Skills:
 - Level 2.0 Fighting
 - Level 1.0 Armour
 - Level 2.0 Dodging
 + Level 5.2 Unarmed Combat
 - Level 1.0 Evocations
 * Level 6.4 Shapeshifting


You had 6 spell levels left.
You didn't know any spells.
Your spell library contained the following spells:

 Spells                   Type           Power      Damage    Failure   Level
 Foxfire                  Conj/Fire      0%         2x1d4     30%         1
 Slow                     Hex            0%         N/A       30%         1
 Summon Small Mammal      Summ           0%         N/A       30%         1
 Call Canine Familiar     Summ           0%         N/A       67%         3
 Confusing Touch          Hex            0%         N/A       67%         3
 Sigil of Binding         Hex            0%         N/A       67%         3
 Summon Guardian Golem    Hex/Summ       0%         N/A       67%         3
 Tukima's Dance           Hex            0%         N/A       67%         3
 Vampiric Draining        Necr           0%         2d6       67%         3
 Dimensional Bullseye     Hex/Tloc       0%         N/A       97%         4
 Iskenderun's Mystic Bla  Conj/Tloc      0%         2d3       97%         4
 Plasma Beam              Fire/Air       0%         2x1d10    100%        6
 Simulacrum               Ice/Necr       0%         N/A       100%        6
 Starburst                Conj/Fire      0%         6d3       100%        6
 Ozocubu's Refrigeration  Ice            0%         4d7       100%        7
 Polar Vortex             Ice            0%         N/A       100%        9


Dungeon Overview and Level Annotations

Branches:
Dungeon (4/15)
 Temple: D:4-7

Altars:
Nemelex Xobeh
Ru
Xom

Shops:
D:1 [   D:4 :


Innate Abilities, Weirdness & Mutations

You are a tree.
Your roots penetrate the ground, keeping you stationary.
You cannot be teleported.
You are immune to unholy pain and torment.
Your maximum health is greatly increased.
Your equipment is partially melded.
((You have a pair of small horns on your head.))
You sometimes gain a little power by taking damage.
You have an unusually large brain. (Int +2)


Message History

Aim: an orc priest, wielding a +0 trident (56% to hit)
You throw a stone.
The stone hits the orc priest but does no damage.
The orc priest hits you but does no damage.
Throw: 18 stones
Press: ? - help, Q - select action, (/) - cycle Shift-Dir - straight line, f/p - orc priest
Aim: an orc priest, wielding a +0 trident (56% to hit)
You throw a stone.
The stone closely misses the orc priest.
The orc priest hits you but does no damage.
Throw: 17 stones
Press: ? - help, Q - select action, (/) - cycle Shift-Dir - straight line, f/p - orc priest
Aim: an orc priest, wielding a +0 trident (56% to hit)
You throw a stone.
The stone closely misses the orc priest.
The orc priest hits you but does no damage.
Throw: 16 stones
Press: ? - help, Q - select action, (/) - cycle Shift-Dir - straight line, f/p - orc priest
Aim: an orc priest, wielding a +0 trident (56% to hit)
You throw a stone. The stone hits the orc priest.
The orc priest is lightly wounded.
The orc priest hits you but does no damage.
Throw: 15 stones
Press: ? - help, Q - select action, (/) - cycle Shift-Dir - straight line, f/p - orc priest
Aim: an orc priest, wielding a +0 trident (lightly wounded, 56% to hit)
You throw a stone.
The stone hits the orc priest but does no damage.
The orc priest is lightly wounded.
The orc priest calls down the wrath of Beogh upon you.
Beogh smites you!
* * * LOW HITPOINT WARNING * * *
Throw: 14 stones
Press: ? - help, Q - select action, (/) - cycle Shift-Dir - straight line, f/p - orc priest
Aim: an orc priest, wielding a +0 trident (lightly wounded, 56% to hit)
You throw a stone. The stone hits the orc priest.
The orc priest is moderately wounded.
The orc priest hits you but does no damage.
The orc priest mumbles some strange prayers to Beogh against you.
Beogh smites you!
You die...

#.#.# #.#.#
..#.######## ###
...........# #.#
..#.#....#.# ..#
......##.#.# #.#
.<.......#.# #o#
.#....#..#.# #)#
.#.......#.# #♣#
.#.......#.# #)#
...##..#.#.# #.#
.#.##......# #.#
.#.###†..#######.#
.#...............#
.#........#####..##
.##.##.#### #.....#
.##.##.# #.#.###


You could see an orc priest.

Vanquished Creatures
  Pikel (D:4)
  Duvessa (D:4)
  Dowan (D:4)
  A hound (D:4)
  A jelly (D:4)
  2 orc priests (D:4)
  An iguana (D:4)
  Natasha (D:4)
  3 adders
  2 ufetubi (D:4)
  2 worms
  A dart slug (D:3)
  9 orcs
  7 ball pythons
  5 bats
  4 endoplasms
  2 giant cockroaches
  8 goblins
  5 hobgoblins
  3 jackals (D:2)
  3 quokkas
  5 frilled lizards
  4 kobolds
  6 rats
78 creatures vanquished.

Notes
Turn   | Place    | Note
-------+----------+-------------------------------------------
     0 | D:1      | IdlyInterested the Demonspawn Shapeshifter began the quest
                  | for the Orb.
     0 | D:1      | Reached XP level 1. HP: 15/15 MP: 1/1
   299 | D:1      | Gained mutation: You have an unusually large brain. (Int
                  | +2) [demonic ancestry]
   299 | D:1      | Reached XP level 2. HP: 21/21 MP: 2/2
   352 | D:1      | Reached skill level 3 in Shapeshifting
   607 | D:1      | Found Lunnirr's Armour Shoppe.
   859 | D:2      | Gained mutation: You sometimes gain a little power by
                  | taking damage. [demonic ancestry]
   859 | D:2      | Reached XP level 3. HP: 26/26 MP: 3/3
  1788 | D:3      | You fall into a shaft and drop 1 floor!
  1821 | D:3      | Found a sacrificial altar of Ru.
  1869 | D:3      | Reached XP level 4. HP: 22/32 MP: 4/4
  2100 | D:3      | Found a shimmering altar of Xom.
  2624 | D:4      | Found Litwiger's Self-Improvement Boutique.
  2674 | D:4      | Noticed Natasha
  2686 | D:4      | Killed Natasha
  2687 | D:4      | Reached skill level 4 in Shapeshifting
  2771 | D:4      | Gained mutation: You have a pair of small horns on your
                  | head. [demonic ancestry]
  2771 | D:4      | Reached XP level 5. HP: 29/38 MP: 5/5
  3147 | D:4      | Noticed Pikel
  3147 | D:4      | Noticed a lemure
  3147 | D:4      | Noticed a lemure
  3147 | D:4      | Noticed a lemure
  3149 | D:4      | Noticed a lemure
  3177 | D:4      | Killed Pikel
  3178 | D:4      | Reached skill level 1 in Evocations
  3178 | D:4      | Reached skill level 5 in Shapeshifting
  3178 | D:4      | Reached XP level 6. HP: 18/44 MP: 6/6
  3178 | D:4      | Reached XP level 7. HP: 21/50 MP: 7/7
  3301 | D:4      | Found a sparkling altar of Nemelex Xobeh.
  3323 | D:4      | Noticed Duvessa
  3324 | D:4      | Noticed Dowan
  3341 | D:4      | Killed Duvessa
  3342 | D:4      | Reached skill level 6 in Shapeshifting
  3350 | D:4      | Killed Dowan
  3351 | D:4      | Reached skill level 1 in Armour
  3351 | D:4      | Reached skill level 5 in Unarmed Combat
  3904 | D:4      | Killed from afar by an orc priest

Illustrated notes

Levels and vault maps discovered:
D:1:      grunt_arrival_lava_bath, layout_loops_ring, serial_shops,
          nicolae_shop_tiny_glass, st_stairs_13
D:2:      layout_basic
D:3:      layout_loops_corners, mainiacjoe_overflow_small_starburst,
          amcnicky_altar_gilded
D:4:      layout_basic, nemelex_altar_shiori, nicolae_shop_self_help,
          uniq_duvessa, uniq_pikel, uniq_natasha

Skill      XL: |  1  2  3  4  5  6  7 |
---------------+----------------------+-----
Dodging        | 2 |  2.0
Shapeshifting  | 3 4 5 6 |  6.4
Unarmed Combat | 3 4 5 |  5.2
Fighting       | 2 |  2.0
Evocations     | 1 |  1.0
Armour         | 1 |  1.0

Action                     |  1- 3 |  4- 6 |  7- 9 || total
---------------------------+-------+-------+-------++-------
  Melee: Unarmed           |   134 |    82 |    39 ||   255
         Punch             |     2 |     5 |     1 ||     8
         Headbutt          |       |     8 |     7 ||    15
  Throw: Stone             |     2 |       |     7 ||     9
  Evoke: Wand              |       |       |     1 ||     1
    Use: Potion            |     1 |     1 |     1 ||     3
         Scroll            |       |     1 |       ||     1
 Armour: Animal skin       |     3 |       |       ||     3
         Chain mail        |    76 |    60 |       ||   136
         Robe              |       |       |    18 ||    18
         Skin              |       |       |    14 ||    14
  Dodge: Dodged            |    38 |    27 |    17 ||    82
   Form: Beast             |     1 |       |       ||     1
         Flux              |     1 |       |       ||     1

Table legend: (Time is in decaauts)
 A = Elapsed time spent in this place.
 B = Non-inter-level travel time spent in this place.
 C = Inter-level travel time spent in this place.
 D = Time resting spent in this place.
 E = Time spent auto-exploring this place.
 F = Levels seen in this place.
 G = Mean time per level.
                   A        B        C        D        E       F      G
               +--------+--------+--------+--------+--------+-----+--------+
         Total |   3885 |   3781 |    104 |    583 |   2423 |   4 |  971.2 |
       Dungeon |   3885 |   3781 |    104 |    583 |   2423 |   4 |  971.2 |
               +--------+--------+--------+--------+--------+-----+--------+

Top non-repeatable levels by time:
     D:4: 1290 daAuts
     D:3: 1052 daAuts
     D:2: 777 daAuts
     D:1: 766 daAuts
